 Dungeon Crawl Stone Soup version 0.26-a0-712-ga5a9c9c9d0 (webtiles) character file.

Game seed: 5334458199453701779

8687 Apogee the Transmogrifier (level 11, -4/90 (92) HPs)
             Began as a Green Draconian Transmuter on Nov 13, 2020.
             Was an Elder of Vehumet.
             Killed from afar by an efreet (21 damage)
             ... with a fireball
             ... on level 10 of the Dungeon.
             The game lasted 00:23:34 (12158 turns).

Apogee the Transmogrifier (DrTm)                   Turns: 12158, Time: 00:23:35

HP:   -4/90 (92)    AC:  9    Str: 14    XL:     11   Next: 13%
MP:   15/20         EV: 15    Int: 13    God:    Vehumet [****..]
Gold: 378           SH:  0    Dex: 14    Spells: 13/22 levels left

rFire    . . .     SeeInvis .     - Unarmed
rCold    . . .     Faith    .   (shield currently unavailable)
rNeg     . . .     Spirit   .   (armour unavailable)
rPois    +         Reflect  .   (helmet restricted)
rElec    .         Harm     .   z - +0 cloak
rCorr    .         Rampage  .   (gloves currently unavailable)
MR       .....                  l - +0 pair of boots
Stlth    +.........             (no amulet)
HPRegen  0.25/turn              (no ring)
MPRegen  0.17/turn              (no ring)

@: mighty, blade hands
A: breathe noxious fumes, unfitting armour, poison resistance, cold-blooded, AC
+7
a: Breathe Noxious Fumes, End Transformation, Renounce Religion


You were on level 10 of the Dungeon.
You worshipped Vehumet.
Vehumet was greatly pleased with you.
You had blades for hands.
You visited 2 branches of the dungeon, and saw 12 of its levels.

You collected 618 gold pieces.
You spent 240 gold pieces at shops.

Inventory:

Hand Weapons
 a - the +6 hunting sling "Acarineslayer" {speed, rElec Dex+5}
   (You bought it in a shop on level 10 of the Dungeon)

   Attacks with this weapon are significantly faster.
   It affects your dexterity (+5).
   It insulates you from electricity.
Missiles
 f - 439 stones (quivered)
 t - a throwing net {!f}
 A - 26 sling bullets
Armour
 l - a +0 pair of boots (worn)
   (You found it on level 2 of the Dungeon)
 p - a +0 pair of gloves (melded)
   (You found it on level 3 of the Dungeon)
 z - a +0 cloak (worn)
   (You found it on level 1 of the Dungeon)
Jewellery
 j - a cursed ring of attention {unknown}
   (You found it on level 1 of the Dungeon)
 o - a cursed -4 ring of evasion {unknown}
   (You found it on level 3 of the Dungeon)
 v - an uncursed ring of fire {unknown}
   (You found it on level 4 of the Dungeon)
Wands
 c - a wand of disintegration (12)
   (You found it on level 9 of the Dungeon)
 x - a wand of acid (13)
   (You found it on level 5 of the Dungeon)
 B - a wand of enslavement (11)
   (You took it off Pikel on level 6 of the Dungeon)
Scrolls
 h - 7 scrolls of teleportation {@r4}
 n - 8 scrolls of remove curse {@r2}
 s - 3 scrolls of immolation {unknown}
 w - 2 scrolls of amnesia {unknown}
 y - 2 scrolls of magic mapping {unknown}
 D - a scroll of holy word {unknown}
 E - a scroll of fog {unknown}
 G - a scroll of fear {unknown}
 H - 2 scrolls of enchant weapon {unknown}
 I - a scroll of blinking {unknown}
 J - 4 scrolls of enchant armour {unknown}
 K - 3 scrolls of identify {@r1}
 M - a scroll of torment {unknown}
 O - a scroll of silence {unknown}
Potions
 b - a potion of invisibility {unknown}
 d - 4 potions of ambrosia
 e - 3 potions of degeneration {!q}
 g - a potion of berserk rage {unknown}
 i - 3 potions of brilliance
 k - 6 potions of curing {@q1}
 m - a potion of cancellation {unknown}
 q - 4 potions of lignification {!q}
 r - 4 potions of might
 u - a potion of heal wounds {unknown}
 C - a potion of mutation {unknown}
 F - a potion of stabbing {unknown}
 L - a potion of haste {unknown}
 N - a potion of flight {unknown}


   Skills:
 - Level 7.0 Fighting
 + Level 5.0 Slings
 - Level 6.0 Dodging
 - Level 8.0 Unarmed Combat
 - Level 6.0 Spellcasting
 - Level 9.5 Transmutations
 - Level 4.0 Poison Magic


You had 13 spell levels left.
You knew the following spells:

 Your Spells              Type           Power        Failure   Level
a - Beastly Appendage     Tmut           ####..       11%         1
b - Blade Hands           Tmut           ####......   45%         5
x - Spider Form           Tmut/Pois      ###.......   26%         3

Your spell library contained the following spells:

 Spells                   Type           Power        Failure   Level
 Ignite Poison            Fire/Tmut/Pois ###.....     12%         3
 Wereblood                Tmut           ####....     12%         2
 Animate Skeleton         Necr           #.....       58%         1
 Apportation              Tloc           #.....       58%         1
 Corona                   Hex            #......      58%         1
 Summon Small Mammal      Summ           #...         58%         1
 Ice Form                 Ice/Tmut       ###.....     67%         4


Dungeon Overview and Level Annotations

Branches:
Dungeon (11/15)            Temple (1/1) D:4
   Lair: D:8-11         Orc: D:9-12

Altars:
Ashenzari
Cheibriados
Dithmenos
Elyvilon
Fedhas
Gozag
Hepliaklqana
Kikubaaqudgha
Makhleb
Nemelex Xobeh
Okawaru
Qazlal
Ru
Sif Muna
Trog
Uskayaw
Vehumet
Wu Jian
Xom
Yredelemnul
Zin
The Shining One

Shops:
D:4 }   D:10 (


Innate Abilities, Weirdness & Mutations

You can breathe blasts of noxious fumes.
Your lurid green scales are hard. (AC +7)
You cannot fit into any form of body armour.
Your system is resistant to poisons. (rPois)
You are cold-blooded and may be slowed by cold attacks.


Message History

You hit the howler monkey. Your punch misses the howler monkey.
The howler monkey hits you.
You punch the howler monkey!
You kill the howler monkey!
Vehumet accepts your kill.
No target in view!
You start resting.
You have got your breath back.
There is an open door here.
There is a stone staircase leading down here.
You climb downwards.
A deep elf mage and an efreet come into view.
The efreet is wielding a +3 scimitar of flaming.
The deep elf mage shouts!
A hound comes into view.
The efreet hits you with a +3 scimitar of flaming!
The efreet burns you!
The kobold throws a stone.
The stone hits you but does no damage.
The efreet hits you with a +3 scimitar of flaming!
The efreet burns you.
There is a stone staircase leading up, spattered with blood here.
You see here a stone.
The deep elf mage points at you and mumbles some strange words.
The sticky flame hits you!
You are covered in liquid flames!
You climb upwards.
You are covered in liquid flames!
* * * LOW HITPOINT WARNING * * *
There is a stone staircase leading down here.
You feel very mighty all of a sudden.
You are covered in liquid flames!
* * * LOW HITPOINT WARNING * * *
The efreet hits you with a +3 scimitar of flaming.
* * * LOW HITPOINT WARNING * * *
The efreet burns you.
* * * LOW HITPOINT WARNING * * *
Your hands turn into razor-sharp scythe blades.
Your +0 pair of gloves melds into your body.
You are covered in liquid flames!
* * * LOW HITPOINT WARNING * * *
The efreet hits you with a +3 scimitar of flaming!
* * * LOW HITPOINT WARNING * * *
The efreet burns you.
* * * LOW HITPOINT WARNING * * *
You slice the efreet!!
You are covered in liquid flames!
* * * LOW HITPOINT WARNING * * *
The efreet gestures at you.
The fireball explodes!
The fireball engulfs you!!
You die...

....###.##.#####.........##...###
.........#........######.##...#
....##.#.#.............#.##...#
....'..#.#.........###.#.##..[#
....##.#.#.........(...#.######
.......#.#........######.#
.........#...............#
##########.......R.#######
#...#.####.@#.# #.#.#....)..#.#
#.#.#######.#.# #.#.# #...#.#
######.#.# #.###.# ..<....#.#
#.....# ########.# ####### #.#
#.#


You could see an efreet.

Vanquished Creatures
  A boulder beetle (D:10)
  A two-headed ogre (D:8)
  Pikel (D:6)
  A gargoyle (D:10)
  A hornet (D:10)
  Prince Ribbit (D:6)
  A wyvern (D:9)
  5 yaks
  A water moccasin (D:9)
  An ice beast (D:4)
  2 sky beasts
  2 black bears
  A necrophage (D:7)
  8 ogres
  5 orc warriors
  7 centaurs
  2 phantoms
  2 lemures (D:6)
  4 big kobolds
  5 bullfrogs
  A water moccasin zombie (D:8)
  2 scorpions (D:3)
  A water moccasin skeleton (D:5)
  5 killer bees (D:9)
  10 wights
  3 howler monkeys
  2 electric eels (D:10)
  2 bullfrog zombies
  4 hounds
  A quasit (D:9)
  5 jellies
  6 orc priests
  An iguana (D:9)
  7 orc wizards
  3 bullfrog skeletons
  A centaur skeleton (D:10)
  Ijyb (D:4)
  5 worker ants
  A killer bee zombie (D:10)
  A hound zombie (D:11)
  Robin (D:2)
  5 gnolls
  5 adders
  5 shadow imps
  6 white imps
  2 ufetubi
  2 oozes
  An adder skeleton (D:4)
  2 worms
  A dart slug (D:4)
  4 leopard geckos
  30 orcs
  2 ball pythons (D:4)
  5 giant cockroaches
  13 goblins
  7 hobgoblins
  8 jackals
  5 quokkas
  9 bats
  2 frilled lizards (D:1)
  A jackal skeleton (D:4)
  14 kobolds
  4 rats
248 creatures vanquished.

Vanquished Creatures (others)
  98 plants
98 creatures vanquished.

Grand Total: 346 creatures vanquished

Notes
Turn   | Place    | Note
-------+----------+-------------------------------------------
     0 | D:1      | Apogee the Draconian Transmuter began the quest for the
                  | Orb.
     0 | D:1      | Reached XP level 1. HP: 16/16 MP: 3/3
    79 | D:1      | Reached XP level 2. HP: 22/23 MP: 3/5
   329 | D:1      | Reached XP level 3. HP: 29/29 MP: 6/6
   667 | D:2      | Noticed Robin
   683 | D:2      | Killed Robin
   698 | D:2      | Reached skill level 3 in Transmutations
  1019 | D:2      | Found a stormy altar of Qazlal.
  1019 | D:2      | Found an opulent altar of Gozag.
  1044 | D:2      | Reached XP level 4. HP: 36/36 MP: 5/7
  1302 | D:2      | Found a blossoming altar of Fedhas.
  1303 | D:2      | Found an ancient bone altar of Kikubaaqudgha.
  1778 | D:3      | Reached XP level 5. HP: 8/41 MP: 8/8
  2572 | D:4      | Noticed Ijyb
  2587 | D:3      | Reached skill level 5 in Unarmed Combat
  2587 | D:3      | Reached skill level 4 in Transmutations
  2592 | D:3      | Learned a level 3 spell: Spider Form
  2807 | D:4      | Killed Ijyb
  3052 | D:4      | Reached XP level 6. HP: 48/49 MP: 7/9
  3068 | D:4      | Reached skill level 1 in Poison Magic
  3492 | D:4      | Found Qyaquoxi's Gadget Shop.
  3546 | D:4      | Found a staircase to the Ecumenical Temple.
  3558 | Temple   | Entered the Ecumenical Temple
  3789 | Temple   | Became a worshipper of Vehumet
  3918 | D:4      | Noticed an ice beast
  3928 | D:4      | Killed an ice beast
  4097 | D:4      | Found a basalt altar of Yredelemnul.
  4227 | D:5      | Entered Level 5 of the Dungeon
  4239 | D:5      | Your scales start taking on a lurid green colour.
  4239 | D:5      | Reached XP level 7. HP: 48/59 MP: 10/10
  4239 | D:5      | Gained mutation: Your system is resistant to poisons.
                  | (rPois) [Green Draconian growth]
  5052 | D:5      | Got a translucent mace
  5057 | D:5      | Found a bloodstained altar of Trog.
  5073 | D:5      | Got a crystal trident
  5122 | D:5      | Identified the +10 trident "Jaxog" {holy, rF+} (You found
                  | it on level 5 of the Dungeon)
  5123 | D:5      | Identified the cursed +1 mace "Beetleslayer" {venom, rElec
                  | rPois} (You found it on level 5 of the Dungeon)
  5325 | D:6      | Reached * piety under Vehumet
  5325 | D:6      | Offered knowledge of Freeze by Vehumet.
  5354 | D:6      | Reached XP level 8. HP: 64/67 MP: 9/12
  5532 | D:6      | Noticed Pikel
  5542 | D:6      | Killed Pikel
  5542 | D:6      | Reached skill level 5 in Fighting
  5542 | D:6      | Reached skill level 5 in Transmutations
  5892 | D:6      | Reached skill level 6 in Transmutations
  5899 | D:6      | Learned a level 5 spell: Blade Hands
  6231 | D:6      | Reached XP level 9. HP: 60/74 MP: 6/15
  6308 | D:6      | Noticed Prince Ribbit
  6317 | D:6      | Killed Prince Ribbit
  6326 | D:6      | Offered knowledge of Magic Dart by Vehumet.
  6330 | D:6      | Reached ** piety under Vehumet
  6501 | D:6      | Reached skill level 7 in Transmutations
  7347 | D:7      | Reached skill level 8 in Transmutations
  7698 | D:7      | Found a sparkling altar of Nemelex Xobeh.
  8016 | D:8      | Found a shadowy altar of Dithmenos.
  8114 | D:8      | Reached skill level 5 in Dodging
  8438 | D:8      | Offered knowledge of Static Discharge by Vehumet.
  8486 | D:8      | Reached *** piety under Vehumet
  8486 | D:8      | Reached XP level 10. HP: 79/79 MP: 15/17
  8589 | D:8      | Noticed a two-headed ogre
  8598 | D:8      | Killed a two-headed ogre
  8598 | D:8      | Reached skill level 5 in Spellcasting
  8742 | D:8      | Found a hide-covered altar of Uskayaw.
  9312 | D:9      | Found a shadowy altar of Dithmenos.
  9346 | D:9      | Offered knowledge of Ignite Poison by Vehumet.
  9967 | D:10     | Entered Level 10 of the Dungeon
 10019 | D:10     | Noticed a boulder beetle
 10189 | D:10     | Killed a boulder beetle
 10189 | D:10     | Reached skill level 9 in Transmutations
 10287 | D:10     | Found Guotifroi's Antique Weapon Shop.
 10291 | D:10     | Bought a crude hunting sling for 240 gold pieces
 10291 | D:10     | Identified the +6 hunting sling "Acarineslayer" {speed,
                  | rElec Dex+5} (You bought it in a shop on level 10 of the
                  | Dungeon)
 10352 | D:10     | Reached skill level 1 in Slings
 10890 | D:10     | Reached **** piety under Vehumet
 10917 | D:10     | Noticed a gargoyle
 10921 | D:10     | Killed a gargoyle
 10921 | D:10     | Reached XP level 11. HP: 65/90 MP: 15/20
 12042 | D:11     | Reached skill level 5 in Slings
 12153 | D:11     | Noticed a deep elf mage
 12158 | D:10     | Killed from afar by an efreet

Illustrated notes

Levels and vault maps discovered:
D:1:      roderic_crop_circles_arrival_small, layout_basic
D:2:      layout_loops_ring, grunt_temple_overflow_growth_and_decay,
          gammafunk_temple_overflow_wave, minmay_misc_feat_diagonals,
          minivault_19, uniq_robin
D:3:      minmay_wonky_spiral, layout_loops_ring, chequers_garden
D:4:      layout_rooms, old_standard_altar, minmay_temple_entry_stoned_glass,
          serial_shops, shop, uniq_ijyb
D:5:      layout_basic, bloody_trog, kennysheep_another_room, st_stairs_10
D:6:      layout_loops_ring, minmay_misc_feat_pillars, uniq_prince_ribbit1,
          uniq_pikel
D:7:      layout_basic, nemelex_altar_shiori
D:8:      layout_rooms, marbit_many_paths, overflow_temple_1_default,
          wad_floor_pattern_1
D:9:      layout_roguey, minmay_statues_item, nicolae_dithmenos_the_darkroom
D:10:     wad_lake_hut, layout_basic, serial_shops, kennysheep_mini
D:11:     layout_rooms, lair_entry_dummy, david_orc_3, basic_altar,
          serial_shops, shop_statue, shop, kennysheep_mini_moat
Temple:   dpeg_chambers_temple

Skill      XL: |  1  2  3  4  5  6  7  8  9 10 11 |
---------------+----------------------------------+-----
Fighting       | 2 4 5 7 |  7.0
Transmutations | 3 4 6 8 9 |  9.5
Unarmed Combat | 4 5 6 8 |  8.0
Dodging        | 2 3 4 5 6 |  6.0
Poison Magic   | 2 4 |  4.0
Spellcasting   | 4 6 |  6.0
Slings         | 4 5 |  5.0

Action                   |  1- 3 |  4- 6 |  7- 9 | 10-12 || total
-------------------------+-------+-------+-------+-------++-------
Melee: Unarmed           |    76 |   191 |   346 |   199 ||   812
       Kick              |    16 |    38 |    31 |    19 ||   104
       Tailslap          |     8 |    22 |    37 |    31 ||    98
       Headbutt          |     4 |    22 |    18 |     6 ||    50
       Punch             |       |     3 |     7 |     4 ||    14
       Short sword       |       |       |     6 |       ||     6
 Fire: Hunting sling     |       |       |     3 |    33 ||    36
 Cast: Beastly Appendage |    13 |    24 |    17 |     6 ||    60
       Spider Form       |       |     1 |     9 |       ||    10
       Blade Hands       |       |       |     5 |    14 ||    19
 Abil: End Transformatio |       |     1 |     3 |     1 ||     5
       Breathe Noxious F |       |       |    10 |     7 ||    17
  Use: Scroll            |       |       |     9 |       ||     9
       Potion            |       |       |       |     1 ||     1
 Stab: Sleeping          |     2 |     2 |     2 |     1 ||     7
       Confused          |       |       |     8 |     2 ||    10
       Distracted        |       |       |     1 |       ||     1
Armor: Skin              |    28 |    50 |    87 |    42 ||   207
Dodge: Dodged            |    48 |   103 |   193 |   148 ||   492

Table legend: (Time is in decaauts)
 A = Elapsed time spent in this place.
 B = Non-inter-level travel time spent in this place.
 C = Inter-level travel time spent in this place.
 D = Time resting spent in this place.
 E = Time spent auto-exploring this place.
 F = Levels seen in this place.
 G = Mean time per level.
                   A        B        C        D        E       F      G
               +--------+--------+--------+--------+--------+-----+--------+
         Total |  12123 |  11387 |    736 |   2193 |   7251 |  12 | 1010.2 |
       Dungeon |  11871 |  11197 |    674 |   2193 |   7063 |  11 | 1079.2 |
        Temple |    252 |    190 |     62 |      0 |    188 |   1 |  252.0 |
               +--------+--------+--------+--------+--------+-----+--------+

Top non-repeatable levels by time:
    D:10: 1786 daAuts
     D:6: 1610 daAuts
     D:3: 1546 daAuts
     D:9: 1408 daAuts
     D:2: 1113 daAuts
     D:5: 1087 daAuts
     D:7: 989 daAuts
     D:8: 980 daAuts
     D:4: 668 daAuts
     D:1: 644 daAuts
  Temple: 252 daAuts
    D:11: 35 daAuts
